 Dungeon Sprint DCSS version 0.24-a0-205-g1d96822 (webtiles) character file.

Game seed: 5517820413516438836

6506 TheOrbIsALie the Brawler (level 10, -2/83 HPs)
             Began as a Demonspawn Transmuter on Mar 28, 2019.
             Was a High Priest of Okawaru.
             Slain by a sun demon (11 damage)
             ... in the Dungeon (Sprint VII: "The Pits").
             The game lasted 00:07:11 (3035 turns).

TheOrbIsALie the Brawler (Demonspawn Transmuter)    Turns: 3035, Time: 00:07:14

Health: -2/83      AC: 13    Str: 15    XL:     10   Next: 69%
Magic:  0/22       EV: 15    Int: 14    God:    Okawaru [*****.]
Gold:   0          SH:  0    Dex: 13    Spells: 24/25 levels left

rFire    . . .     SeeInvis .     - Unarmed
rCold    . . .     Gourm    .   (no shield)
rNeg     . . .     Faith    .   v - +5 ring mail
rPois    .         Spirit   +   p - +1 hat
rElec    .         Reflect  .   u - +0 cloak
rCorr    .         Harm     .   (no gloves)
MR       .....     NoTele   +   (no boots)
Stlth    ++........             (no amulet)
HPRegen  0.23/turn              (no ring)
MPRegen  0.18/turn              (no ring)

@: appendage
A: horns 2, talons 2, powered by pain 1, magic shield
a: End Transformation, Heroism, Finesse, Renounce Religion


You were in the Dungeon.
You worshipped Okawaru.
Okawaru was extremely pleased with you.
You were not hungry.
You had grown temporary horns.
You visited 1 branch

Inventory:

Missiles
 a - 12 arrows
Armour
 b - a +0 robe
 n - a +3 scale mail
 o - a +0 troll leather armour
 p - a +1 hat (worn)
 u - a +0 cloak (worn)
 v - a +5 ring mail (worn)
 w - +0 swamp dragon scales
 x - a +0 shield
Jewellery
 q - a +3 ring of protection
 r - a +3 ring of strength
Scrolls
 j - a scroll of blinking
 k - 3 scrolls of remove curse
 l - 5 scrolls of amnesia
 m - a scroll of summoning
Potions
 c - 2 potions of invisibility
 e - 6 potions of curing
 f - 4 potions of heal wounds
 g - 3 potions of haste
 h - 4 potions of magic
 i - 2 potions of berserk rage
 s - 3 potions of might
 t - a potion of agility
Comestibles
 d - 9 rations


   Skills:
 * Level 9.0 Fighting
 + Level 4.1 Armour
 + Level 9.1 Dodging
 + Level 4.4 Stealth
 + Level 15.6 Unarmed Combat
 + Level 8.4 Spellcasting
 + Level 7.6 Transmutations
 + Level 4.2 Invocations


You had 24 spell levels left.
You knew the following spells:

 Your Spells              Type           Power        Failure   Level  Hunger
a - Beastly Appendage     Tmut           ####..       1%          1    None

Your spell library contained the following spells:

 Spells                   Type           Power        Failure   Level  Hunger
 Sticks to Snakes         Tmut           ####....     1%          2    None
 Spider Form              Tmut/Pois      ###.......   14%         3    ##.....
 Blade Hands              Tmut           ####......   26%         5    #####..
 Ice Form                 Ice/Tmut       ###.....     43%         4    ####...


Dungeon Overview and Level Annotations

Branches:
Dungeon (1/1)

Altars:
Ashenzari
Cheibriados
Dithmenos
Elyvilon
Fedhas
Gozag
Hepliaklqana
Kikubaaqudgha
Makhleb
Nemelex Xobeh
Okawaru
Qazlal
Ru
Sif Muna
Trog
Uskayaw
Vehumet
Wu Jian
Xom
Yredelemnul
Zin
The Shining One
Beogh
Jiyva
Lugonu

Annotations:
D Maurice


Innate Abilities, Weirdness & Mutations

You have razor-sharp toenails.
You sometimes gain a little power by taking damage.
When hurt, damage is shared between your health and your magic reserves.
You have a pair of horns on your head.


Message History

Your headbutt misses the sun demon.
The sun demon is moderately wounded.
The leopard gecko hisses angrily.
The sun demon hits you but does no damage.
You hit the sun demon but do no damage.
You claw the sun demon, but do no damage.
Your punch misses the sun demon.
The sun demon is moderately wounded.
The sun demon hits you.
You are engulfed in flames!
* * * LOW HITPOINT WARNING * * *
Okay, then.
Unknown command.
Unknown command.
You punch the leopard gecko!
You kill the leopard gecko!
Okawaru accepts your kill. The sun demon hits you!
* * * LOW HITPOINT WARNING * * *
You are engulfed in flames!
You die...

''# ######## #### .%#
#...).รท###...## ..#
#..#'#.........##
..##. ##.##.....#...#
..# ##...##)..###..#
..####.....##.##.##.##
...##......#...#.#...#
....'......+...+.'...+
...##......#...#@#...#
..####.....##.##3##.##
..##.##..)##...###..#
..##..##.##.....#...#
..###..#'#.........##
..# ##...)..###...##
### ######## #####


You could see a sun demon.

Vanquished Creatures
  Donald (D)
  A hydra (D)
  A deep troll (D)
  A swamp dragon (D)
  A black mamba (D)
  A molten gargoyle (D)
  A spiny frog (D)
  A polar bear (D)
  A red devil (D)
  A bog body (D)
  Sigmund (D)
  2 redbacks (D)
  A wraith (D)
  2 vampire mosquitoes (D)
  A water moccasin (D)
  A floating eye (D)
  An orc warrior (D)
  A phantom (D)
  An ice beast (D)
  A necrophage (D)
  A swamp drake (D)
  A wolf (D)
  A crimson imp (D)
  A small abomination (D)
  A quasit (D)
  2 jellies (D)
  An orc wizard (D)
  A hell rat (D)
  A worker ant (D)
  A mummy (D)
  A gnoll (D)
  An adder (D)
  A river rat (D)
  A white imp (D)
  An ufetubus (D)
  A worm (D)
  A leopard gecko (D)
  4 orcs (D)
  A goblin (D)
  A hobgoblin (D)
  A kobold (D)
  A quokka (D)
  A bat (D)
  A frilled lizard (D)
  A rat (D)
51 creatures vanquished.

Notes
Turn   | Place    | Note
-------+----------+-------------------------------------------
     0 | D        | TheOrbIsALie the Demonspawn Transmuter began the quest for
                  | the Orb.
     0 | D        | Reached XP level 1. HP: 15/15 MP: 3/3
    13 | D        | Reached skill level 3 in Unarmed Combat
    19 | D        | Found a bloodstained altar of Trog.
    19 | D        | Found a deep blue altar of Sif Muna.
    19 | D        | Found a viscous altar of Jiyva.
    19 | D        | Found a hazy altar of Hepliaklqana.
    19 | D        | Found an opulent altar of Gozag.
    20 | D        | Found a glowing golden altar of the Shining One.
    20 | D        | Found a glowing silver altar of Zin.
    20 | D        | Found a basalt altar of Yredelemnul.
    20 | D        | Found a shimmering altar of Xom.
    20 | D        | Found an ornate altar of the Wu Jian Council.
    20 | D        | Found a sacrificial altar of Ru.
    20 | D        | Found a stormy altar of Qazlal.
    20 | D        | Found an iron altar of Okawaru.
    20 | D        | Found a sparkling altar of Nemelex Xobeh.
    20 | D        | Found a burning altar of Makhleb.
    20 | D        | Found a blossoming altar of Fedhas.
    20 | D        | Found a white marble altar of Elyvilon.
    20 | D        | Found a shadowy altar of Dithmenos.
    20 | D        | Found a snail-covered altar of Cheibriados.
    23 | D        | Found a corrupted altar of Lugonu.
    23 | D        | Found a radiant altar of Vehumet.
    23 | D        | Found a roughly hewn altar of Beogh.
    24 | D        | Found an ancient bone altar of Kikubaaqudgha.
    24 | D        | Found a hide-covered altar of Uskayaw.
    24 | D        | Found a shattered altar of Ashenzari.
    28 | D        | Became a worshipper of Warmaster Okawaru
    59 | D        | Noticed a worker ant
    64 | D        | Killed a worker ant
    64 | D        | Reached skill level 4 in Unarmed Combat
    64 | D        | Gained mutation: When hurt, damage is shared between your
                  | health and your magic reserves. [demonic ancestry]
    64 | D        | Reached XP level 2. HP: 21/21 MP: 2/5
   120 | D        | Gained mutation: You sometimes gain a little power by
                  | taking damage. [demonic ancestry]
   120 | D        | Reached XP level 3. HP: 11/26 MP: 3/7
   315 | D        | Reached skill level 5 in Unarmed Combat
   316 | D        | Noticed a floating eye
   320 | D        | Reached XP level 4. HP: 11/32 MP: 3/9
   323 | D        | Paralysed by a floating eye for 4 turns
   329 | D        | Paralysed by a floating eye for 3 turns
   337 | D        | Killed a floating eye
   337 | D        | Reached * piety under Okawaru
   337 | D        | Reached skill level 7 in Unarmed Combat
   337 | D        | Reached XP level 5. HP: 10/38 MP: 1/12
   524 | D        | Noticed a phantom
   524 | D        | Noticed an orc warrior
   542 | D        | Reached skill level 8 in Unarmed Combat
   542 | D        | Reached skill level 5 in Spellcasting
   549 | D        | Killed an orc warrior
   549 | D        | Reached ** piety under Okawaru
   549 | D        | Reached skill level 5 in Dodging
   549 | D        | Reached skill level 9 in Unarmed Combat
   549 | D        | Reached XP level 6. HP: 8/46 MP: 2/14
   872 | D        | Reached skill level 1 in Stealth
   872 | D        | Reached skill level 5 in Transmutations
   950 | D        | Noticed a polar bear
   959 | D        | Killed a polar bear
   959 | D        | Reached skill level 10 in Unarmed Combat
   959 | D        | Gained mutation: You have sharp toenails. [demonic
                  | ancestry]
   959 | D        | Reached XP level 7. HP: 44/52 MP: 9/16
  1012 | D        | Reached *** piety under Okawaru
  1012 | D        | Reached skill level 1 in Invocations
  1016 | D        | Reached skill level 11 in Unarmed Combat
  1038 | D        | HP: 2/52 [poisoned by a water moccasin]
  1046 | D        | HP: 2/52 [poisoned by a water moccasin]
  1348 | D        | Noticed a vampire mosquito
  1348 | D        | Noticed a deep troll
  1348 | D        | Noticed a vampire mosquito
  1356 | D        | Killed a vampire mosquito
  1363 | D        | Killed a vampire mosquito
  1363 | D        | Reached XP level 8. HP: 33/60 MP: 7/18
  1368 | D        | Killed a deep troll
  1368 | D        | Reached skill level 12 in Unarmed Combat
  1610 | D        | Noticed Maurice
  1636 | D        | Reached **** piety under Okawaru
  1806 | D        | Noticed a five-headed hydra
  1806 | D        | Noticed a red devil
  1806 | D        | Noticed a black mamba
  1806 | D        | Noticed a bog body
  1812 | D        | Killed a black mamba
  1812 | D        | Reached skill level 5 in Fighting
  1812 | D        | Reached skill level 13 in Unarmed Combat
  1812 | D        | Reached XP level 9. HP: 51/68 MP: 11/20
  1819 | D        | Killed a five-headed hydra
  1819 | D        | Reached skill level 1 in Armour
  1819 | D        | Reached skill level 14 in Unarmed Combat
  1828 | D        | Killed a red devil
  2090 | D        | Noticed a spiny frog
  2090 | D        | Noticed Sigmund
  2111 | D        | Killed a spiny frog
  2119 | D        | Killed Sigmund
  2119 | D        | Gained mutation: You have razor-sharp toenails. [demonic
                  | ancestry]
  2119 | D        | Reached XP level 10. HP: 30/79 MP: 15/21
  2488 | D        | Noticed a swamp dragon
  2489 | D        | Noticed a molten gargoyle
  2497 | D        | Killed a swamp dragon
  2497 | D        | Reached ***** piety under Okawaru
  2504 | D        | Killed a molten gargoyle
  2504 | D        | Received a gift from Okawaru
  2504 | D        | Reached skill level 15 in Unarmed Combat
  2769 | D        | Noticed Donald
  2787 | D        | Killed Donald
  3027 | D        | Noticed a sun demon
  3035 | D        | Slain by a sun demon

Levels and vault maps discovered:
D:        pitsprint [storerooms_1, entrance_room_1, metal_vault_3, armoury_2,
          mini_pit_1, grid_room_1, main_hall_1, silver_pit, the_coven_1,
          the_vestibule_1, steel_vault_5, golden_pit, hallway_of_sentries,
          crystal_vault_4, iron_vault_4, final_vault]

Skill      XL: |  1  2  3  4  5  6  7  8  9 10 |
---------------+-------------------------------+-----
Unarmed Combat | 4 5 7 9 10 11 13 14 15 | 15.6
Dodging        | 2 3 4 5 6 7 8 9 |  9.1
Transmutations | 2 3 4 5 6 7 |  7.6
Spellcasting   | 3 4 5 6 7 8 |  8.4
Fighting       | 2 3 5 7 9 |  9.0
Stealth        | 1 2 3 4 |  4.4
Invocations    | 1 2 3 4 |  4.2
Armour         | 2 4 |  4.1

Action                   |  1- 3 |  4- 6 |  7- 9 | 10-12 || total
-------------------------+-------+-------+-------+-------++-------
Melee: Unarmed           |    24 |    63 |    79 |    47 ||   213
       Headbutt          |     2 |     7 |    16 |     6 ||    31
       Kick              |     5 |       |    21 |    16 ||    42
       Punch             |     1 |     1 |     4 |     7 ||    13
 Cast: Beastly Appendage |     4 |     4 |     7 |     3 ||    18
Invok: Heroism           |       |     2 |     4 |     2 ||     8
  Use: Potion            |       |     1 |     1 |     4 ||     6
 Stab: Confused          |       |       |       |     2 ||     2
       Sleeping          |       |       |       |     2 ||     2
  Eat: Chunk             |       |       |     3 |     4 ||     7
Armor: Robe              |     3 |     7 |       |       ||    10
       Ring mail         |       |       |    22 |     8 ||    30
Dodge: Dodged            |    12 |    40 |    72 |    27 ||   151

Table legend:
 A = Non-vault XP
 B = Vault XP
 C = Vault XP percentage of total XP
 D = Non-vault monster count
 E = Vault monster count
 F = Vault count percentage of total count
                 A         B        C        D         E       F
            +---------+---------+-------+---------+---------+-------
      Total |       0 |    9295 | 100.0 |       0 |      51 | 100.0
            +---------+---------+-------+---------+---------+-------
          D |       0 |    9295 | 100.0 |       0 |      51 | 100.0
            +---------+---------+-------+---------+---------+-------
